 Dungeon Crawl Stone Soup version 0.30-b1-2-g02819fbbbe (webtiles) character file.

Game seed: 18303358065398879987

25 Alarkh the Digger (level 2, -5/19 HPs)
             Began as a Demonspawn Earth Elementalist on May 30, 2023.
             Slain by Terence
             ... wielding a +0 flail
              (7 damage)
             ... on level 2 of the Dungeon.
             The game lasted 00:01:37 (1338 turns).

Alarkh the Digger (Demonspawn Earth Elementalist)   Turns: 1338, Time: 00:01:38

Health: -5/19      AC:  3    Str:  8    XL:     2   Next: 82%
Magic:  3/5        EV: 12    Int: 16    God:
Gold:   75         SH:  0    Dex: 13    Spells: 4/5 levels left

rFire   . . .        (no weapon)
rCold   . . .        (no shield)
rNeg    . . .        a - +0 robe
rPois   .            f - +0 helmet
rElec   .            (no cloak)
rCorr   .            (no gloves)
SInv    .            (no boots)
Will    .....        (no amulet)
Stlth   ++           (no ring)
HPRegen 0.23/turn    (no ring)
MPRegen 0.09/turn

%: no passive effects
@: no status effects
A: demonic touch 1
a: no special abilities


You were on level 2 of the Dungeon.
You visited 1 branch of the dungeon, and saw 2 of its levels.

You collected 75 gold pieces.

Inventory:

Armour
 a - a +0 robe (worn)
 f - a +0 helmet (worn)
Scrolls
 c - a scroll of magic mapping {unknown}
 d - a scroll of teleportation
 e - a scroll of torment {unknown}
 g - a scroll of noise {unknown}
 h - a scroll of identify {unknown}
 i - a scroll of immolation {unknown}
Potions
 b - a potion of magic
 k - a potion of berserk rage {unknown}


   Skills:
 - Level 1.7 Dodging
 - Level 1.7 Stealth
 + Level 2.4 Spellcasting
 - Level 0.8 Transmutations
 * Level 3.4 Earth Magic


You had 4 spell levels left.
You knew the following spells:

 Your Spells              Type           Power      Damage    Failure   Level
a - Sandblast             Erth           24%        2d8       4%          1

Your spell library contained the following spells:

 Spells                   Type           Power      Damage    Failure   Level
 Passwall                 Tmut/Erth      6%         N/A       12%         2
 Stone Arrow              Conj/Erth      14%        3d7       30%         3
 Petrify                  Tmut/Erth      8%         N/A       63%         4


Dungeon Overview and Level Annotations

Branches:
Dungeon (2/15)

Altars:

Annotations:
D:2 Terence


Innate Abilities, Weirdness & Mutations

Your touch may inflict minor irresistible damage on your foes.


Message History

Terence is severely wounded.
Terence hits you with a +0 flail.
It was a potion of ambrosia.
You are confused.
You feel invigorated. Terence closely misses you.
Terence attacks as you move away! Terence barely misses you.
You bump into the tree.
Terence hits you with a +0 flail.
You bump into the tree.
Terence hits you with a +0 flail! Terence attacks as you move away!
Terence hits you with a +0 flail.
Found a stone staircase leading down.
You feel less invigorated.
You feel less confused.
You see here 6 gold pieces.
Casting: Sandblast (safe; 4% risk of failure)
Confirm with . or Enter, or press ? or * to list all spells.
Aiming: Sandblast (safe; 4% risk of failure)
Press: ? - help, Shift-Dir - straight line, f/p - Terence
Aim: Terence, wielding a +0 flail and wearing a +0 chain mail (severely wounded, 87% to hit)
The blast of sand hits Terence.
Terence is severely wounded.
Terence hits you with a +0 flail. Terence hits you with a +0 flail!
* * * LOW HITPOINT WARNING * * *
Casting: Sandblast (safe; 4% risk of failure)
Confirm with . or Enter, or press ? or * to list all spells.
Aiming: Sandblast (safe; 4% risk of failure)
Press: ? - help, Shift-Dir - straight line, f/p - Terence
Aim: Terence, wielding a +0 flail and wearing a +0 chain mail (severely wounded, 87% to hit)
The blast of sand hits Terence but does no damage.
Terence is severely wounded.
Terence screams, "I want your blood!" Terence hits you with a +0 flail.
* * * LOW HITPOINT WARNING * * *
Casting: Sandblast (safe; 4% risk of failure)
Confirm with . or Enter, or press ? or * to list all spells.
Aiming: Sandblast (safe; 4% risk of failure)
Press: ? - help, Shift-Dir - straight line, f/p - Terence
Aim: Terence, wielding a +0 flail and wearing a +0 chain mail (severely wounded, 87% to hit)
The blast of sand hits Terence but does no damage.
Terence is severely wounded.
Terence hits you with a +0 flail!
You die...

#.#.# #.#.# +##### #.#.#
...(.# #.#.#.######## .....+
..... ......># .....# #.#.#
#...#.#### .....# #.#.#
##.@.......
.....###.#.###.♣@†.♣...♣
.............#..........
......##.#.#.#...♣...♣..
'####.##.#...†.(.............#
.# #.##.###.#.♣(..♣...♣...♣.##
.# #.#......#..?)............#
.# .............♣...♣...♣....#
.# #.########................#


You could see Terence.

Vanquished Creatures
  2 worms (D:2)
  3 endoplasms
  2 kobolds
  2 quokkas (D:2)
  2 ball pythons
  4 bats
  2 frilled lizards (D:2)
  3 rats
20 creatures vanquished.

Notes
Turn   | Place    | Note
-------+----------+-------------------------------------------
     0 | D:1      | Alarkh the Demonspawn Earth Elementalist began the quest
                  | for the Orb.
     0 | D:1      | Reached XP level 1. HP: 13/13 MP: 3/3
   476 | D:1      | Reached skill level 3 in Earth Magic
   948 | D:2      | Gained mutation: Your touch may inflict minor irresistible
                  | damage on your foes. [demonic ancestry]
   948 | D:2      | Reached XP level 2. HP: 19/19 MP: 1/5
   992 | D:2      | Noticed Terence
  1338 | D:2      | Slain by Terence

Illustrated notes

Levels and vault maps discovered:
D:1:      denvon_arrival_planthouse, layout_loops_ring, nrook_loot_triangle,
          kennysheep_another_room
D:2:      minmay_roachtagon, layout_basic, kennysheep_crisscross, uniq_terence

Skill      XL: |  1 |
---------------+----+-----
Earth Magic    | 3 |  3.4
Dodging        | |  1.7
Stealth        | |  1.7
Spellcasting   | |  2.4
Transmutations | |  0.8

Action                     || total
---------------------------++-------
  Throw: Dart              ||     6
   Cast: Sandblast         ||    42
    Use: Scroll            ||     2
         Potion            ||     1
 Armour: Robe              ||     3
  Dodge: Dodged            ||    21
